Cogmind - Beta 12 @@@ ROGUE MODE // 2023.03.17 @ 18:23:01 Player: Exp. Geonium Core Result: Destroyed by H-66 Slayer with Heavy Assault Rifle Performance ------------- Evolutions (5) 2500 Regions Visited (17) 3400 Robots Destroyed (195) 975 Value Destroyed (7815) 7815 Prototype IDs (55) 1100 Alien Tech Used (0) 0 Bonus (4934) 4934 TOTAL SCORE: 20724 Bonus ------- High Alert Combat Kills 768 Follower Combat Kills 536 Entered Garrisons 200 Aligned with FarCom 300 Met Data Miner 300 Met Warlord at Base 500 MAIN.C Attacked Warlord 500 Warlord Defense Kills 2524 Friendly Fire -694 Cogmind --------- Core Integrity 0/1000 Matter 270/300 Energy 3/600 System Corruption 0% Temperature Warm (149) Movement Core (50) Location -5/Warlord Parts ------- > --- POWER (1) -------- (None) > --- PROPULSION (6) --- (None) > --- UTILITY (7) ------ Advanced Energy Well Spectral Analyzer Improved Signal Interpreter > --- WEAPON (3) ------- (None) > --- INVENTORY (5) ---- Vortex Chain Reactor Quantum Capacitor Improved Plasma Cutter Peak State ------------ > --- POWER ------------ Improved Quantum Reactor > --- PROPULSION ------- Armored Treads Medium Treads Improved Medium Treads Armored Medium Treads Armored Medium Treads Biometal Medium Treads > --- UTILITY ---------- Experimental Heat Sink Huge Storage Unit Experimental Energy Well Spectral Analyzer Improved Signal Interpreter Centrium Light Armor Plating Improved Remote Force Field > --- WEAPON ----------- Vortex Shotgun Heavy Autocannon > --- INVENTORY -------- Vortex Chain Reactor Experimental Heat Sink Advanced Energy Well Advanced Sensor Array Encrypted Comm Array Launcher Guidance Computer Advanced Particle Charger Quantum Capacitor Medium Reactive Plating Makeshift Ablative Armor Makeshift Ablative Armor Experimental Focal Shield Point Defense System Advanced System Restoration Module Vortex Shotgun Vortex Driver Vortex Driver Helical Railgun Thermoblaster Improved Plasma Cutter Power Maul Vortex Lance Vortex Lance [Rating: 130] Favorites ----------- Power Light Ion Engine Engine Light Ion Engine Power Core Micro Nuclear Core Reactor Fusion Reactor Propulsion Advanced Treads Treads Advanced Treads Leg Carbon-fiber Leg Hover Unit Cooled Antigrav System Flight Unit Flight Unit Utility Huge Storage Unit Device Advanced Heat Sink Storage Huge Storage Unit Processor Improved Signal Interpreter Hackware Advanced Hacking Suite Protection Improved Light Armor Plating Weapon Gauss Rifle Energy Gun Backup Laser III Energy Cannon Nova Cannon Ballistic Gun Gauss Rifle Ballistic Cannon AWS/Autocannon Launcher Mini Grenade Launcher Special Weapon Plasma Cutter Impact Weapon Power Maul Slashing Weapon Great Axe Piercing Weapon Vortex Lance Build | -11 -10 -10 -10 -9 -8 -7 -7 -7 -7 -6 -6 -6 -6 -5 -5 -5 -5 ------- Run | Jun Mat Min Exi Min Mat Fac Low Low Dat Pro Fac Gar Fac Fac Upp Upp War Slots Evolved 10 | . . . . . 4 2 . . . . 2 . . 2 . . . Power . | . . . . . . . . . . . . . . . . . . Propulsion 4 | . . . . . 2 1 . . . . 1 . . . . . . Utility 5 | . . . . . 2 . . . . . 1 . . 2 . . . Weapon 1 | . . . . . . 1 . . . . . . . . . . . Parts Attached 177 | 3 2 1 3 2 32 15 10 4 1 8 14 13 . 26 2 6 35 Power 10 | . . . . . 1 1 . . . . 1 2 . 3 1 . 1 Engine 1 | . . . . . . . . . . . . 1 . . . . . Core 2 | . . . . . 1 1 . . . . . . . . . . . Reactor 7 | . . . . . . . . . . . 1 1 . 3 1 . 1 Propulsion 43 | 2 2 . 2 . 10 1 3 1 . 1 2 5 . 2 . 4 8 Treads 36 | 2 . . 2 . 9 1 3 1 . 1 2 5 . 2 . 4 4 Leg 2 | . . . . . 1 . . . . . . . . . . . 1 Wheel . | . . . . . . . . . . . . . . . . . . Hover 2 | . . . . . . . . . . . . . . . . . 2 Flight 3 | . 2 . . . . . . . . . . . . . . . 1 Utility 55 | . . . 1 . 6 1 2 1 . 4 5 3 . 17 1 2 12 Device 20 | . . . . . . . 1 . . 3 3 1 . 5 1 1 5 Storage 8 | . . . 1 . . . . . . 1 . 1 . 3 . . 2 Processor 6 | . . . . . 2 . 1 . . . 1 . . 1 . . 1 Hackware 1 | . . . . . . . . . . . . . . 1 . . . Protection 20 | . . . . . 4 1 . 1 . . 1 1 . 7 . 1 4 Artifact . | . . . . . . . . . . . . . . . . . . Weapon 69 | 1 . 1 . 2 15 12 5 2 1 3 6 3 . 4 . . 14 Energy Gun 5 | . . . . . . . 2 . . . . . . . . . 3 Energy Cannon 9 | . . . . . . . . . . . 1 3 . . . . 5 Ballistic Gun 24 | 1 . 1 . 1 8 6 3 1 1 2 . . . . . . . Ballistic Cannon 4 | . . . . . . . . . . . 2 . . . . . 2 Launcher 13 | . . . . 1 5 2 . 1 . . . . . 2 . . 2 Special Weapon 1 | . . . . . . . . . . 1 . . . . . . . Impact Weapon 7 | . . . . . 2 3 . . . . 1 . . 1 . . . Slashing Weapon 4 | . . . . . . 1 . . . . 2 . . 1 . . . Piercing Weapon 2 | . . . . . . . . . . . . . . . . . 2 Special Melee Weapon . | . . . . . . . . . . . . . . . . . . Unidentified Prototypes 21 | . . . . . . . 1 . . 2 1 1 . 1 . . 15 Corrupted Parts 1 | . . . . . . . . . . 1 . . . . . . . System Corruption 4 | . . . . . . . . . . 4 . . . . . . . Parts Lost 36 | . . . . . 3 . 5 2 . . 1 2 . 4 1 4 14 Power 2 | . . . . . . . . . . . . . . . 1 . 1 Propulsion 13 | . . . . . 3 . 1 1 . . . . . 1 . 2 5 Utility 13 | . . . . . . . . 1 . . 1 2 . 2 . 1 6 Weapon 8 | . . . . . . . 4 . . . . . . 1 . 1 2 Highest Loss Streak 14 | . . . . . 1 . 5 1 . . 1 2 . 2 1 3 14 To Critical Strikes 1 | . . . . . . . . . . . . . . . 1 . . Average Slot Usage (%) 89 | . 84 68 82 85 96 100 88 99 78 99 89 85 86 87 87 84 86 Engine 2 | . 14 14 14 14 5 . . . . . . . . . . . . Core 2 | . . . . . 3 7 7 7 7 7 . . . . . . . Reactor 2 | . . . . . . . . . . . 6 5 6 5 4 5 4 Treads 30 | . 26 . 24 28 32 38 38 37 38 38 40 32 26 22 23 22 24 Device 5 | . . . . . . . 5 7 7 6 13 12 13 10 10 7 5 Storage 9 | . 13 . 11 14 9 7 7 7 7 7 6 9 13 11 11 11 11 Processor 6 | . . . . . 13 15 8 7 7 7 5 6 6 5 5 5 6 Hackware 1 | . . . . . . . . . . . . . . 3 5 5 3 Protection 5 | . . . . . 11 7 7 6 7 7 6 3 . 7 5 7 9 Energy Cannon 2 | . . . . . . . . . . . 1 9 20 5 5 3 1 Ballistic Gun 10 | . 28 25 28 26 16 18 11 22 2 21 1 . . . . . . Impact Weapon 1 | . . . . . . 2 . . . . . . . 4 5 5 4 Naked Turns . | . . . . . . . . . . . . . . . . . . Heaviest Build 169 | 12 12 7 87 88 104 102 101 106 104 104 169 168 148 165 136 136 161 Greatest Support 205 | 40 40 8 40 40 88 110 110 108 108 116 138 205 205 205 205 205 167 Greatest Overweight (x) 2 | . 1 . 2 2 2 . . . . . 1 1 . . . 1 1 Average Overweight (x) . | . . . . 2 1 . . . . . . . . . . . . Largest Inventory Capacity 25 | 8 8 5 25 25 25 25 25 25 25 25 25 25 25 25 25 25 25 Average Capacity 24 | 8 7 5 21 25 25 25 25 25 25 25 25 25 25 25 25 25 24 Most Carried 25 | 6 5 5 11 15 25 25 25 24 25 25 25 25 25 25 25 24 25 Average Carried 21 | 3 2 5 9 13 23 24 24 23 23 23 23 23 24 23 24 21 20 Final Capacity 25 | 8 5 5 25 25 25 25 25 25 25 25 25 25 25 25 25 25 5 Final Carried 25 | 1 5 5 11 15 25 24 24 23 25 25 25 23 25 24 24 17 5 Class Distribution -------------------- 65% | Mutant 10% | Scavenger-Mutant 8% | Derelict-Skirmisher 5% | Tank 4% | Gunner Dominant Class ---------------- Mutant | -10/Materials Mutant | -10/Mines Mutant | -10/Exiles Mutant | -9/Mines Mutant | -8/Materials Mutant | -7/Factory Mutant | -7/Lower Caves Derelict-Skirmisher | -7/Lower Caves Mutant | -7/Data Miner Derelict-Skirmisher | -6/Proximity Caves Tank | -6/Factory Mutant | -6/Garrison Mutant | -6/Factory Mutant | -5/Factory Mutant | -5/Upper Caves Mutant | -5/Upper Caves Scavenger-Mutant | -5/Warlord Resources | -11 -10 -10 -10 -9 -8 -7 -7 -7 -7 -6 -6 -6 -6 -5 -5 -5 -5 ----------- Run | Jun Mat Min Exi Min Mat Fac Low Low Dat Pro Fac Gar Fac Fac Upp Upp War Matter Collected 3881 | 200 . . . 284 953 183 320 202 . 94 189 125 . 545 117 100 569 Remotely . | . . . . . . . . . . . . . . . . . . Salvage Created 6885 | . . . . 300 1271 239 173 220 . 110 511 734 456 1989 156 84 642 Parts 337 | . . . . 17 79 21 8 8 . 9 24 30 23 87 11 5 15 Haulers Intercepted 4 | . . . . . 2 . . . . . . . . 2 . . . Recyclers Shooed 10 | . . . . 1 2 . . . . . . . 4 3 . . . Parts Field Recycled . | . . . . . . . . . . . . . . . . . . Retrieved Matter . | . . . . . . . . . . . . . . . . . . Parts Self-Destructed 22 | . . . . . . . 6 7 . 2 . . . . 5 2 . Prevented 1 | . . . . . . . 1 . . . . . . . . . . Kills | -11 -10 -10 -10 -9 -8 -7 -7 -7 -7 -6 -6 -6 -6 -5 -5 -5 -5 ------- Run | Jun Mat Min Exi Min Mat Fac Low Low Dat Pro Fac Gar Fac Fac Upp Upp War Combat Hostiles Destroyed 141 | . . . . 9 25 4 3 5 . . 13 22 7 28 6 4 15 Melee 7 | . . . . . . 1 . . . . . . 1 4 . 1 . Guns 42 | . . . . 7 19 3 3 5 . . 2 . . . . . 3 Cannons 60 | . . . . . . . . . . . 9 22 6 10 2 . 11 AOE 27 | . . . . 2 5 . . . . . 2 . . 11 3 3 1 Classes Destroyed 25 | . . . . 5 8 2 2 . . . . 3 1 . . 1 3 Worker 9 | . . . . . 1 . . . . . 1 . 2 5 . . . Builder 16 | . . . . . 2 1 . . . . 1 . 1 11 . . . Tunneler 1 | . . . . . . 1 . . . . . . . . . . . Hauler 4 | . . . . . 2 . . . . . . . . 2 . . . Recycler 7 | . . . . 1 1 . . . . . . . 1 4 . . . Mechanic 1 | . . . . . 1 . . . . . . . . . . . . Operator 3 | . . . . . 2 . . . . . 1 . . . . . . Watcher 10 | . . . . . 3 1 . . . . . . 1 5 . . . Swarmer 22 | . . . . 3 3 . . . . . 3 1 3 5 4 . . Cutter 4 | . . . . . . . . . . . . 4 . . . . . Grunt 55 | . . . . 4 12 . . 3 . . 7 7 1 15 . . 6 Brawler 4 | . . . . 1 1 . . . . . . . . 1 . . 1 Duelist 3 | . . . . 1 . . . 1 . . . 1 . . . . . Protector 3 | . . . . . . . . . . . . 1 . . . . 2 Sentry 17 | . . . . . 7 1 . . . . 1 5 . 2 1 . . Demolisher 1 | . . . . . . . . . . . . 1 . . . . . Specialist 2 | . . . . . . . . . . . . . . . . . 2 Hunter 6 | . . . . . 2 . . . . . 1 . . . 1 2 . Programmer 14 | . . . . . . 3 1 1 . . 1 . 2 5 . 1 . Heavy 1 | . . . . . . . . . . . . . 1 . . . . Behemoth 3 | . . . . . . . 1 . . . . 2 . . . . . Enhanced Grunt 1 | . . . . . . . . . . 1 . . . . . . . Striker 2 | . . . . . . . . . . . . . . . . . 2 Executioner 4 | . . . . . . . . . . . . . . . . . 4 Master Thief 1 | . . . . . . . . . . . . . . . . 1 . Mutant 1 | . . . . . . . 1 . . . . . . . . . . Best Kill Streak 22 | . . . . 4 6 1 1 4 . . 4 5 6 22 4 2 7 Combat Bots Only 8 | . . . . 3 3 1 1 4 . . 4 5 2 8 4 2 7 Max Kills in Single Turn 5 | . . . . 2 2 1 1 1 . 1 2 1 1 5 2 1 2 Gunslinging . | . . . . . . . . . . . . . . . . . . Exploded 4 | . . . . 2 2 . . . . . 2 . . 4 2 1 1 Melee 1 | . . . . . . 1 . . . . . . 1 1 . 1 . Uniques/NPCs Destroyed . | . . . . . . . . . . . . . . . . . . Combat | -11 -10 -10 -10 -9 -8 -7 -7 -7 -7 -6 -6 -6 -6 -5 -5 -5 -5 -------- Run | Jun Mat Min Exi Min Mat Fac Low Low Dat Pro Fac Gar Fac Fac Upp Upp War Damage Taken 12671 | . 14 . . 116 1439 253 1249 237 . 43 580 1282 362 1929 134 811 4222 Core 1558 | . . . . . 217 56 112 16 . . 45 103 7 136 8 50 808 Absorbed by Shields 2654 | . . . . . . . . . . . . 196 373 1191 142 40 712 Reduced by Siege Mode 29 | . . . . . . . . . . . . . 29 . . . . Regen/Repaired (Parts) 165 | . . . . . . . . . . . . . . . . . 165 Core Remaining (%) 82 | 100 . . . 100 60 . . . . 73 . . 81 . . . . Volleys Fired 414 | . . . . 21 69 9 26 14 . 9 11 29 35 110 11 16 54 Largest 3 | . . . . 2 2 3 3 3 . 1 2 1 1 1 1 1 2 Hottest 260 | . . . . 44 56 80 128 84 . 20 118 113 113 113 113 113 260 Shots Fired 648 | . . . . 34 126 21 56 35 . 10 42 96 35 111 10 16 56 Gun 270 | . . . . 28 108 18 56 33 . 1 11 . . . . . 15 Cannon 287 | . . . . . . . . . . . 31 96 35 82 6 3 34 Launcher 82 | . . . . 6 18 3 . 2 . . . . . 29 4 13 7 Special 9 | . . . . . . . . . . 9 . . . . . . . Kinetic 346 | . . . . 28 108 18 48 33 . 1 33 67 . . . . 10 Thermal 180 | . . . . . . . . . . 9 9 29 35 82 6 3 7 Explosive 75 | . . . . 6 18 3 . 2 . . . . . 29 4 13 . Electromagnetic 8 | . . . . . . . 8 . . . . . . . . . . Entropic 39 | . . . . . . . . . . . . . . . . . 39 Robot Hit Streak 43 | . . . . 8 20 13 21 9 . 11 25 43 21 16 6 3 6 Robot Miss Streak 5 | . . . . 2 4 1 4 1 . 3 2 2 3 5 2 2 3 Penetration Max 1 | . . . . . 1 1 . . . . . . . . . . 1 Secondary Targets 4 | . . . . . 2 . . 2 . . . . . . . . . Max Gunslinging Chain 1 | . . . . . 1 . . 1 . . . . . . . . . Autonomous 90 | . . . . . . . . . . . 22 68 . . . . . Shots Hit Robots 485 | . . . . 22 81 18 43 27 . 6 35 80 24 84 9 11 45 Core Hits 316 | . . . . 21 65 10 13 12 . 2 15 26 17 94 8 11 22 Critical Kills 4 | . . . . . . 1 . . . . . . . 2 1 . . Critical Parts Destroyed 8 | . . . . . 1 . 1 . . . . . . 4 . 1 1 Critical Strikes 31 | . . . . . 1 2 1 . . 1 3 3 . 6 1 1 12 Meltdown 3 | . . . . . . . . . . . . . . 2 1 . . Destroy 2 | . . . . . . 1 1 . . . . . . . . . . Blast 7 | . . . . . . . . . . . 3 3 . . . . 1 Smash 7 | . . . . . 1 . . . . . . . . 4 . 1 1 Sever 2 | . . . . . . 1 . . . 1 . . . . . . . Sunder 10 | . . . . . . . . . . . . . . . . . 10 Melee Attacks 102 | . . . . . 5 29 . . . . 13 . . 43 4 6 2 Impact 89 | . . . . . 5 25 . . . . 9 . . 38 4 6 2 Slashing 13 | . . . . . . 4 . . . . 4 . . 5 . . . Piercing . | . . . . . . . . . . . . . . . . . . Sneak Attacks 8 | . . . . . . 2 . . . . . . . 5 . . 1 Combat Hostiles . | . . . . . . . . . . . . . . . . . . Follow-up Attacks 3 | . . . . . . . . . . . . . . 3 . . . Damage Inflicted 26300 | . . . . 532 2689 587 990 537 . 44 2114 4899 1209 7020 600 1218 3861 Guns 4464 | . . . . 366 1377 309 990 466 . . 104 . . . . . 852 Cannons 13024 | . . . . . . . . . . . 1884 4899 959 2584 198 40 2460 Explosions 6747 | . . . . 160 1255 . . 71 . . 119 . 99 3318 266 978 481 Melee 1806 | . . . . . 21 263 . . . . . . . 1118 136 200 68 Ramming 215 | . . . . 6 36 15 . . . . 7 . 151 . . . . Kinetic 9978 | . . . . 366 1377 309 866 466 . . 1797 4151 . . . . 646 Thermal 5463 | . . . . . . . . . . 44 310 748 1058 2584 198 40 481 Explosive 6048 | . . . . 160 1255 . . 71 . . . . . 3318 266 978 . Electromagnetic 124 | . . . . . . . 124 . . . . . . . . . . Impact 1571 | . . . . . 21 136 . . . . . . . 1010 136 200 68 Slashing 235 | . . . . . . 127 . . . . . . . 108 . . . Piercing . | . . . . . . . . . . . . . . . . . . Entropic 2666 | . . . . . . . . . . . . . . . . . 2666 Highest Corruption 19 | . . . . . 1 . . 1 1 5 . . 1 14 14 19 19 Average Corruption 4 | . . . . . 1 . . 1 1 1 . . 1 5 14 15 10 Corruption Purged 1 | . . . . . . . . . . . . . . . . . 1 Corruption Blocked . | . . . . . . . . . . . . . . . . . . Effects 80 | . . . . . 13 . . 4 1 5 . . 2 17 20 16 2 Message Errors 24 | . . . . . 3 . . 2 . 3 . . 1 2 5 6 2 Matter Fused 23 | . . . . . 5 . . 1 . 1 . . 1 7 4 4 . Heat Flow Errors 6 | . . . . . 2 . . . . . . . . 1 2 1 . Energy Discharges 7 | . . . . . 1 . . . . . . . . 1 3 2 . Data Loss (minor) 10 | . . . . . . . . 1 . . . . . 2 4 3 . Misfires 4 | . . . . . 1 . . . . 1 . . . 2 . . . Alerts 4 | . . . . . 1 . . . 1 . . . . 1 1 . . Weapon Failures 2 | . . . . . . . . . . . . . . 1 1 . . Overload Shots . | . . . . . . . . . . . . . . . . . . Overflow Damage 1784 | . . . . . 30 46 . . . . 218 393 16 667 12 88 314 Projectiles 992 | . . . . . . . . . . . 218 393 9 119 7 . 246 Explosions 119 | . . . . . 9 . . . . . . . . 68 5 37 . Melee 673 | . . . . . 21 46 . . . . . . 7 480 . 51 68 Knockbacks 28 | . . . . . 1 2 . . . . 4 9 3 5 . 2 2 Impact 13 | . . . . . 1 2 . . . . . . 3 5 . 2 . Kinetic 14 | . . . . . . . . . . . 4 8 . . . . 2 Secondary 1 | . . . . . . . . . . . . 1 . . . . . Self-Inflicted Damage 647 | . . . . 25 120 23 . . . . 31 . 96 130 13 209 . Shots 20 | . . . . 2 3 1 . . . . 1 . 2 4 1 6 . Rammed 14 | . . . . 1 3 2 . . . . . . 8 . . . . Targets Rammed 18 | . . . . 1 4 3 . . . . 2 . 8 . . . . Kicked . | . . . . . . . . . . . . . . . . . . Crushed 4 | . . . . . 1 1 . . . . 2 . . . . . . Highest Temperature 341 | . . . . . 206 24 272 105 . 4 7 167 164 324 341 210 200 Average Temperature 78 | . . . . . 25 8 103 53 . 4 4 53 56 93 123 88 101 Received Heat Transfer 1685 | . 9 . . 39 396 54 156 63 . 12 132 309 25 401 17 . 72 Effects 4 | . . . . . . . 1 . . . . . . 2 . . 1 Energy Bleed 2 | . . . . . . . 1 . . . . . . . . . 1 Interference 2 | . . . . . . . . . . . . . . 2 . . . Siege Activations 4 | . . . . . . . . . . . . 1 2 1 . . . Total Turns 39 | . . . . . . . . . . . . 7 30 2 . . . Longest Duration 18 | . . . . . . . . . . . . 7 18 2 . . . Robots Corrupted . | . . . . . . . . . . . . . . . . . . Combat Hostiles . | . . . . . . . . . . . . . . . . . . Parts Fried 9 | . . . . . 2 1 . . . . . . . 6 . . . Impact Corruptions 21 | . . . . . 1 3 . . . . . . 2 12 . 2 1 Robots Melted 4 | . . . . . . . . . . . . . . 3 1 . . Combat Hostiles 4 | . . . . . . . . . . . . . . 3 1 . . Parts Melted 13 | . . . . 1 . . . . . . . . 1 10 1 . . Heat Transferred 5169 | . . . . . . . . . . 222 150 703 938 2294 185 37 640 Parts Sabotaged . | . . . . . . . . . . . . . . . . . . Parts Stolen 4 | . . . . . . . . . . . . . . . . 4 . Parts Stripped . | . . . . . . . . . . . . . . . . . . Power Chain Reactions 1 | . . . . . . . . . . . 1 . . . . . . Missiles Intercepted . | . . . . . . . . . . . . . . . . . . Alert | -11 -10 -10 -10 -9 -8 -7 -7 -7 -7 -6 -6 -6 -6 -5 -5 -5 -5 ------- Run | Jun Mat Min Exi Min Mat Fac Low Low Dat Pro Fac Gar Fac Fac Upp Upp War Peak Influence 1075 | . 21 7 . 132 489 287 . . . . 289 1062 859 1075 . . . Initial 557 | . . 7 . . 43 221 . . . . 15 147 557 374 . . . Average 312 | . 4 7 . 21 213 180 . . . . 120 583 707 558 . . . Maximum Alert Level 3 | . . . . . 2 1 . . . . 1 3 3 3 . . . Low Security (%) 46 | 100 100 100 . 100 51 51 . . . . 75 21 . . . . . Level 1 20 | . . . . . 41 48 . . . . 24 14 . 17 . . . Level 2 21 | . . . . . 7 . . . . . . 28 52 64 . . . Level 3 12 | . . . . . . . . . . . . 35 47 18 . . . Level 4 . | . . . . . . . . . . . . . . . . . . Level 5 . | . . . . . . . . . . . . . . . . . . High Security . | . . . . . . . . . . . . . . . . . . Max Security . | . . . . . . . . . . . . . . . . . . Squads Dispatched 21 | . . . . . 4 3 . . . . 4 . 4 6 . . . Investigation 2 | . . . . . . . . . . . 1 . . 1 . . . Extermination 8 | . . . . . . 3 . . . . 2 . 1 2 . . . Reinforcement 10 | . . . . . 4 . . . . . 1 . 2 3 . . . Assault 1 | . . . . . . . . . . . . . 1 . . . . Garrison . | . . . . . . . . . . . . . . . . . . Intercept . | . . . . . . . . . . . . . . . . . . Searches Triggered . | . . . . . . . . . . . . . . . . . . Data Miner Redirects 2 | . . . . . . . . . . . 1 . 1 . . . . Construction Impeded 2 | . . . . . . . . . . . . . 1 1 . . . Haulers Reinforced 2 | . . . . . . . . . . . . . . 2 . . . Active Scanning Responses . | . . . . . . . . . . . . . . . . . . Cargo Convoy Interrupts . | . . . . . . . . . . . . . . . . . . Stealth | -11 -10 -10 -10 -9 -8 -7 -7 -7 -7 -6 -6 -6 -6 -5 -5 -5 -5 --------- Run | Jun Mat Min Exi Min Mat Fac Low Low Dat Pro Fac Gar Fac Fac Upp Upp War Distress Signals 9 | . 1 . . . 2 . . . . . . . . 5 . . 1 Communications Jammed . | . . . . . . . . . . . . . . . . . . Distress Signals . | . . . . . . . . . . . . . . . . . . Times Spotted 245 | . 4 . . 10 41 6 3 5 . 1 15 25 13 40 6 7 69 Peak Tracking Total 16 | . 5 . . 4 4 2 1 4 . 1 3 6 3 10 4 4 16 Tactical Retreats 10 | . . . . . 2 . . . . . 1 1 2 3 . . 1 Traps | -11 -10 -10 -10 -9 -8 -7 -7 -7 -7 -6 -6 -6 -6 -5 -5 -5 -5 ------- Run | Jun Mat Min Exi Min Mat Fac Low Low Dat Pro Fac Gar Fac Fac Upp Upp War Traps Triggered 5 | . . . . . . . . . . . 1 2 1 1 . . . Indirectly . | . . . . . . . . . . . . . . . . . . Trap Hack Attempts . | . . . . . . . . . . . . . . . . . . Triggered . | . . . . . . . . . . . . . . . . . . Disarmed . | . . . . . . . . . . . . . . . . . . Reprogrammed . | . . . . . . . . . . . . . . . . . . Reused . | . . . . . . . . . . . . . . . . . . Traps Extracted . | . . . . . . . . . . . . . . . . . . Installed . | . . . . . . . . . . . . . . . . . . Triggered 16 | . . . . . . . 1 . . . . . . 1 . . 14 Machines | -11 -10 -10 -10 -9 -8 -7 -7 -7 -7 -6 -6 -6 -6 -5 -5 -5 -5 ---------- Run | Jun Mat Min Exi Min Mat Fac Low Low Dat Pro Fac Gar Fac Fac Upp Upp War Machines Disabled 23 | . . . . 5 3 . 1 . . . 1 3 2 7 . . 1 Max in Single Turn 3 | . . . . 3 2 . 1 . . . 1 1 2 3 . . 1 Machines Repaired . | . . . . . . . . . . . . . . . . . . Machines Sabotaged . | . . . . . . . . . . . . . . . . . . Overloaded Fab Kills . | . . . . . . . . . . . . . . . . . . Hacking | -11 -10 -10 -10 -9 -8 -7 -7 -7 -7 -6 -6 -6 -6 -5 -5 -5 -5 --------- Run | Jun Mat Min Exi Min Mat Fac Low Low Dat Pro Fac Gar Fac Fac Upp Upp War Machines Accessed 41 | . 2 . 1 1 9 8 1 . 3 . 5 1 1 6 1 . 2 Terminals 28 | . 2 . . 1 8 6 . . . . 3 1 1 5 1 . . Fabricators 2 | . . . . . . . . . . . 1 . . 1 . . . Repair Stations . | . . . . . . . . . . . . . . . . . . Recycling Units 1 | . . . . . 1 . . . . . . . . . . . . Scanalyzers 1 | . . . . . . 1 . . . . . . . . . . . Garrison Access 2 | . . . . . . 1 . . . . 1 . . . . . . Total Hacks 107 | . 8 . 1 4 21 15 1 . 25 . 8 1 1 17 2 . 3 Successful 53 | . 2 . 1 1 3 5 1 . 25 . 3 . . 7 2 . 3 Failed 54 | . 6 . . 3 18 10 . . . . 5 1 1 10 . . . Catastrophic 17 | . 1 . . . 11 1 . . . . 1 . 1 2 . . . Database Lockouts . | . . . . . . . . . . . . . . . . . . Manual 53 | . 9 . 1 3 19 4 . . . . 6 1 . 9 . . 1 Terminals 65 | . 8 . . 4 17 11 . . . . 6 1 1 15 2 . . Fabricators 3 | . . . . . . . . . . . 1 . . 2 . . . Repair Stations . | . . . . . . . . . . . . . . . . . . Recycling Units 4 | . . . . . 4 . . . . . . . . . . . . Scanalyzers 3 | . . . . . . 3 . . . . . . . . . . . Garrison Access 2 | . . . . . . 1 . . . . 1 . . . . . . Terminal Hacks 41 | . . . 1 1 . 3 1 . 25 . 1 . . 4 2 . 3 Record 16 | . . . . 1 . . . . 11 . . . . . 2 . 2 Part Schematic 11 | . . . . . . . . . 11 . . . . . . . . Prototype ID Bank 3 | . . . . . . . . . 3 . . . . . . . . Open Door 2 | . . . . . . . 1 . . . . . . . . . 1 Level Access Points 1 | . . . . . . 1 . . . . . . . . . . . Branch Access Points 2 | . . . . . . . . . . . 1 . . 1 . . . Terminal Index 2 | . . . . . . 1 . . . . . . . 1 . . . Fabricator Index 1 | . . . . . . . . . . . . . . 1 . . . Garrison Index 1 | . . . . . . . . . . . . . . 1 . . . Zone Layout 1 | . . . . . . 1 . . . . . . . . . . . EX-Prototype ID Bank 1 | . . . 1 . . . . . . . . . . . . . . Fabricator Hacks . | . . . . . . . . . . . . . . . . . . Repair Station Hacks . | . . . . . . . . . . . . . . . . . . Recycling Unit Hacks 2 | . . . . . 2 . . . . . . . . . . . . Report Inventory 1 | . . . . . 1 . . . . . . . . . . . . Retrieve Components 1 | . . . . . 1 . . . . . . . . . . . . Scanalyzer 1 | . . . . . . 1 . . . . . . . . . . . Insert Component 1 | . . . . . . 1 . . . . . . . . . . . Garrison Access Hacks 1 | . . . . . . . . . . . 1 . . . . . . Unlock Access 1 | . . . . . . . . . . . 1 . . . . . . Unauthorized Hacks 8 | . 2 . . . 1 1 . . . . 1 . . 3 . . . Terminals 6 | . 2 . . . . 1 . . . . 1 . . 2 . . . Track 1 | . 1 . . . . . . . . . . . . . . . . Botnet 4 | . . . . . . 1 . . . . 1 . . 2 . . . Operators 1 | . 1 . . . . . . . . . . . . . . . . Fabricators 1 | . . . . . . . . . . . . . . 1 . . . Report 1 | . . . . . . . . . . . . . . 1 . . . Repair Stations . | . . . . . . . . . . . . . . . . . . Recycling Units 1 | . . . . . 1 . . . . . . . . . . . . Monitor 1 | . . . . . 1 . . . . . . . . . . . . Scanalyzers . | . . . . . . . . . . . . . . . . . . Garrison Access . | . . . . . . . . . . . . . . . . . . Data Cores Recovered . | . . . . . . . . . . . . . . . . . . Used . | . . . . . . . . . . . . . . . . . . Hacking Detections 32 | . 2 . . 1 8 8 . . . . 4 1 1 6 1 . . Full Trace Events 4 | . 1 . . 1 . . . . . . 1 . . 1 . . . Feedback Events . | . . . . . . . . . . . . . . . . . . Feedback Blocked . | . . . . . . . . . . . . . . . . . . Robot Schematics Acquired . | . . . . . . . . . . . . . . . . . . Robots Built . | . . . . . . . . . . . . . . . . . . Authchips . | . . . . . . . . . . . . . . . . . . Time . | . . . . . . . . . . . . . . . . . . Total Robot Build Rating . | . . . . . . . . . . . . . . . . . . Part Schematics Acquired 11 | . . . . . . . . . 11 . . . . . . . . Parts Built . | . . . . . . . . . . . . . . . . . . Authchips . | . . . . . . . . . . . . . . . . . . Time . | . . . . . . . . . . . . . . . . . . Total Part Build Rating . | . . . . . . . . . . . . . . . . . . Parts Repaired . | . . . . . . . . . . . . . . . . . . Time . | . . . . . . . . . . . . . . . . . . Parts Recycled . | . . . . . . . . . . . . . . . . . . Recycled Matter . | . . . . . . . . . . . . . . . . . . Retrieved Matter . | . . . . . . . . . . . . . . . . . . Retrieved Components 3 | . . . . . 3 . . . . . . . . . . . . Parts Scanalyzed 1 | . . . . . . 1 . . . . . . . . . . . Part Schematics Acquired . | . . . . . . . . . . . . . . . . . . Parts Damaged . | . . . . . . . . . . . . . . . . . . Bothacking | -11 -10 -10 -10 -9 -8 -7 -7 -7 -7 -6 -6 -6 -6 -5 -5 -5 -5 ------------ Run | Jun Mat Min Exi Min Mat Fac Low Low Dat Pro Fac Gar Fac Fac Upp Upp War Used RIF Installer . | . . . . . . . . . . . . . . . . . . Robots Hacked . | . . . . . . . . . . . . . . . . . . Non-combat . | . . . . . . . . . . . . . . . . . . Combat . | . . . . . . . . . . . . . . . . . . Robot Hacks Applied . | . . . . . . . . . . . . . . . . . . Relay Couplers Released 3 | . . . . . . . . . . . . . . 3 . . . Programmers 3 | . . . . . . . . . . . . . . 3 . . . Fabnet Peak Effective % . | . . . . . . . . . . . . . . . . . . Robots Rewired 7 | . . . . . . . . . . . . 3 . . . . 4 Allies Hacked . | . . . . . . . . . . . . . . . . . . Hacks Repelled . | . . . . . . . . . . . . . . . . . . Allies | -11 -10 -10 -10 -9 -8 -7 -7 -7 -7 -6 -6 -6 -6 -5 -5 -5 -5 -------- Run | Jun Mat Min Exi Min Mat Fac Low Low Dat Pro Fac Gar Fac Fac Upp Upp War Total Allies 13 | . . . . 5 . . . . . 1 . 3 . . . . 4 Largest Group 4 | . . . . 3 . . . . . 1 . 2 1 . . . 4 Highest-Rated Group 236 | . . . . 45 . . . . . 96 . 97 51 . . . 236 Highest-Rated Ally 96 | . . . . 31 . . . . . 96 . 85 51 . . . 65 Total Orders . | . . . . . . . . . . . . . . . . . . Ally Attacks 79 | . . . . 20 . . . . . 10 . 33 11 . . . 5 Total Damage 1902 | . . . . 208 . . . . . 229 . 958 252 . . . 255 Kills 19 | . . . . 1 . . . . . 1 . 12 4 . . . 1 Allies Corrupted 1 | . . . . 1 . . . . . . . . . . . . . Allies Melted 1 | . . . . . . . . . . . . . . . . . 1 Intel | -11 -10 -10 -10 -9 -8 -7 -7 -7 -7 -6 -6 -6 -6 -5 -5 -5 -5 ------- Run | Jun Mat Min Exi Min Mat Fac Low Low Dat Pro Fac Gar Fac Fac Upp Upp War Robot Analysis Total . | . . . . . . . . . . . . . . . . . . Derelict Logs Recovered 5 | . . 1 . 1 . . . 1 . . . . . . 2 . . Drone Launches . | . . . . . . . . . . . . . . . . . . Drone Recoveries . | . . . . . . . . . . . . . . . . . . Exploration | -11 -10 -10 -10 -9 -8 -7 -7 -7 -7 -6 -6 -6 -6 -5 -5 -5 -5 ------------- Run | Jun Mat Min Exi Min Mat Fac Low Low Dat Pro Fac Gar Fac Fac Upp Upp War Turns Passed 16403 | 7 385 57 395 1800 2299 856 1734 832 134 583 797 1476 796 1793 618 421 1420 Spaces Moved 7516 | 1 113 148 263 539 796 479 903 409 87 272 327 685 434 831 363 215 651 Core 1 | . . . . . . . . . . . . . . . . . 1 Treads 7181 | 1 86 . 104 539 796 479 903 409 87 272 327 685 434 831 363 215 650 Legs . | . . . . . . . . . . . . . . . . . . Wheels . | . . . . . . . . . . . . . . . . . . Hover . | . . . . . . . . . . . . . . . . . . Flight 334 | . 27 148 159 . . . . . . . . . . . . . . Fastest Speed 37 | 160 37 37 37 320 225 145 145 150 150 150 151 150 160 160 160 158 50 Average Speed 180 | 160 131 37 148 320 240 145 148 150 150 150 206 187 160 160 160 166 183 Slowest Speed 320 | 160 160 37 320 320 320 145 150 150 150 153 231 231 160 165 160 243 238 Overloaded Moves . | . . . . . . . . . . . . . . . . . . Propulsion Burnouts . | . . . . . . . . . . . . . . . . . . Robots Hopped . | . . . . . . . . . . . . . . . . . . Cave-ins Triggered 1 | . . . . . 1 . . . . . . . . . . . . Exploration Rate (%) 46 | 2 29 28 60 87 80 17 85 50 69 42 11 68 15 25 55 40 82 Regions Visited 17 Branch Regions 10 Pre-discovered Areas 3 | . . . . 1 . . . . 1 . . . . . 1 . . Known Exits Taken 6 | . . . . . 1 . . . . 1 1 . . 1 1 1 . Unknown Exits Taken 10 | 1 1 1 1 1 . 1 1 1 1 . . . 1 . . . . Scrap Searched 15 | . . . . 1 . . 8 2 . 1 . . . . 2 1 . Spaces Dug 111 | . . . . 15 11 44 . 8 . . 8 3 1 20 . . 1 Terrain Destroyed 630 | . . . . 24 151 44 . 16 . . 20 17 45 164 14 112 23 Melee 49 | . . . . . 3 19 . . . . 8 . . 18 . . 1 Projectile 66 | . . . . . 1 . . . . . 7 17 9 13 1 2 16 AOE 515 | . . . . 24 147 25 . 16 . . 5 . 36 133 13 110 6 Terrain Rammed . | . . . . . . . . . . . . . . . . . . Walls Destroyed . | . . . . . . . . . . . . . . . . . . Machines Disabled . | . . . . . . . . . . . . . . . . . . Actions | -11 -10 -10 -10 -9 -8 -7 -7 -7 -7 -6 -6 -6 -6 -5 -5 -5 -5 --------- Run | Jun Mat Min Exi Min Mat Fac Low Low Dat Pro Fac Gar Fac Fac Upp Upp War Total 9645 | 8 349 149 267 579 1045 576 1248 599 92 431 405 854 497 1101 381 248 816 Wait 1135 | . 228 . . 13 80 30 296 172 . 126 20 73 15 75 . 5 2 Move 7499 | . 112 147 262 538 795 478 902 408 86 271 327 683 433 830 362 214 651 Hop . | . . . . . . . . . . . . . . . . . . Pick Up 115 | . 3 . 2 4 32 6 8 1 2 7 8 13 4 11 2 1 11 Fast Attach 48 | . 2 1 . . 7 . 3 . 1 3 1 6 . 4 . 1 19 Attach 49 | 2 . . 1 . 4 2 4 2 . 2 8 6 . 6 2 4 6 Detach 16 | . 2 . . . . . . . . 2 4 . . 1 . . 7 Swap 80 | 1 . . 2 2 21 13 3 2 . 3 5 1 . 16 . 1 10 Drop 122 | 5 2 1 . . 28 6 6 . 3 8 6 19 2 10 . . 26 Fire 414 | . . . . 21 69 9 26 14 . 9 11 29 35 110 11 16 54 Melee 97 | . . . . . 5 29 . . . . 13 . . 38 4 6 2 Ram . | . . . . . . . . . . . . . . . . . . Kick . | . . . . . . . . . . . . . . . . . . Crush 18 | . . . . 1 4 3 . . . . 2 . 8 . . . . Escape Stasis . | . . . . . . . . . . . . . . . . . . Rewire 52 | . . . . . . . . . . . . 24 . . . . 28 Trap . | . . . . . . . . . . . . . . . . . . Miscellaneous . | . . . . . . . . . . . . . . . . . . Route ------- -11/Junkyard -10/Materials -10/Mines (discovered 2 exits: [*Mat] / *Exi) -10/Exiles -9/Mines -8/Materials (discovered 3 exits: *Fac x3) -7/Factory (discovered 5 exits: Fac x4 / *Low) -7/Lower Caves -7/Lower Caves (discovered 2 exits: Fac / *Dat) -7/Data Miner -6/Proximity Caves -6/Factory (discovered 5 exits: *Fac x2 / *Low x2 / Gar) -6/Garrison (discovered 2 exits: *Fac x2) -6/Factory -5/Factory (discovered 4 exits: *Fac x2 / *Upp x2) -5/Upper Caves -5/Upper Caves -5/Warlord History --------- Turn | Location | Event 8 | -11/Junkyard | Discovered new exit (range 0) 8 | -11/Junkyard | Entered Materials 313 | -10/Materials | Build established: Mutant 387 | -10/Materials | Discovered new exit (range 16) 393 | -10/Materials | Entered Mines 409 | -10/Mines | A weapon hastily lodged in a ceiling crevice suddenly fell to the ground 442 | -10/Mines | Learned location of 1 exit from Materials 444 | -10/Mines | Discovered new exit (range 7) 448 | -10/Mines | Deemed a non-threat by the Exiles lab entrance 448 | -10/Mines | Discovered new exit (range 5) 450 | -10/Mines | Entered Exiles 460 | -10/Exiles | Met 8R-AWN 466 | -10/Exiles | Met EX-HEX 476 | -10/Exiles | Met EX-BIN 497 | -10/Exiles | Aligned with FarCom system 497 | -10/Exiles | Given EX-Vault access code 506 | -10/Exiles | Opened EX-Vault 513 | -10/Exiles | Found AWS/Autocannon 524 | -10/Exiles | Found XL Autogun Array 589 | -10/Exiles | Warned to stay clear of 0b10 Research branches 619 | -10/Exiles | Exiles lab attacked by MAIN.C 819 | -10/Exiles | Discovered new exit (range 10) 845 | -10/Exiles | Stole two prototypes: XL Autogun Array, AWS/Autocannon 845 | -10/Exiles | Entered Mines 1346 | -9/Mines | Assisted by bots powering up and referring to "LRC-V3" 1740 | -9/Mines | Learned location of Storage (-7) 1752 | -9/Mines | Learned 2 Materials zone layouts 2588 | -9/Mines | Discovered new exit (range 12) 2645 | -9/Mines | Entered Materials 2645 | -8/Materials | Evolved 4 slots: Propulsion x2, Utility x2 2646 | -8/Materials | Identified exit to Factory 2732 | -8/Materials | Crushed by falling debris 4480 | -8/Materials | Discovered exit to Factory (range 11) 4944 | -8/Materials | Entered Factory 4944 | -7/Factory | Evolved 2 slots: Propulsion x1, Weapon x1 4946 | -7/Factory | FarCom data flow suspended 5749 | -7/Factory | Identified exit to Factory 5759 | -7/Factory | Discovered new exit (range 9) 5800 | -7/Factory | Entered Lower Caves 5936 | -7/Lower Caves | Attacked by a delusional Derelict stockpiling parts 5982 | -7/Lower Caves | Build established: Gunner 6119 | -7/Lower Caves | Spotted B-75 Beast 6176 | -7/Lower Caves | Destroyed B-75 Beast 6204 | -7/Lower Caves | Lost 5 parts (1n4w) 6450 | -7/Lower Caves | Build established: Mutant 7293 | -7/Lower Caves | Discovered new exit (range 12) 7534 | -7/Lower Caves | Entered another Lower Caves area 7601 | -7/Lower Caves | Discovered exit to Factory (range 14) 7834 | -7/Lower Caves | Build established: Derelict-Skirmisher 8274 | -7/Lower Caves | Discovered new exit (range 10) 8289 | -7/Lower Caves | Learned Factory interactive machine intel 8366 | -7/Lower Caves | Entered Data Miner 8366 | -7/Data Miner | Discovered new exit (range 6) 8396 | -7/Data Miner | Met Data Miner 8428 | -7/Data Miner | Learned location of Section 7 (-3) 8428 | -7/Data Miner | Acquired the access code to Warlord's prototype stash 8456 | -7/Data Miner | Received God Mode back door access code from Data Miner 8500 | -7/Data Miner | Entered Proximity Caves 8970 | -6/Proximity Caves | Discovered exit to Factory (range 10) 8994 | -6/Proximity Caves | Escorted by Enhanced Grunt 8994 | -6/Proximity Caves | Attracted the attention of an 0b10 checkpoint 9041 | -6/Proximity Caves | Found Prototype Device 9041 | -6/Proximity Caves | Identified Exp. Thermal Shield 9083 | -6/Proximity Caves | Entered Factory 9083 | -6/Factory | Evolved 2 slots: Propulsion x1, Utility x1 9084 | -6/Factory | Loaded intel: 52 interactive machine locations 9261 | -6/Factory | Incoming investigation squad redirected 9360 | -6/Factory | Discovered new exit (range 16) 9394 | -6/Factory | Discovered new exit (range 13) 9465 | -6/Factory | Identified exit to Lower Caves 9850 | -6/Factory | Discovered new exit (range 11) 9880 | -6/Factory | Identified exit to Garrison 9880 | -6/Factory | Entered Garrison 9897 | -6/Garrison | Destroyed B-86 Titan 9905 | -6/Garrison | Build established: Tank 9931 | -6/Garrison | Found Quantum Capacitor 9966 | -6/Garrison | Rewired B-75 Beast 10184 | -6/Garrison | Triggered checkpoint 10292 | -6/Garrison | Spotted B-75 Beast 10328 | -6/Garrison | Triggered checkpoint 10375 | -6/Garrison | Triggered checkpoint 10434 | -6/Garrison | Destroyed B-75 Beast 10790 | -6/Garrison | Discovered new exit (range 15) 10962 | -6/Garrison | Triggered checkpoint 10980 | -6/Garrison | Build established: Mutant 11037 | -6/Garrison | Attempted to access garrison exit controls, blocked by remote lockdown 11122 | -6/Garrison | Triggered checkpoint 11166 | -6/Garrison | Discovered new exit (range 10) 11202 | -6/Garrison | Triggered checkpoint 11356 | -6/Garrison | Entered Factory 11356 | -6/Factory | Accompanied by 2 allies 11924 | -6/Factory | Discovered new exit (range 8) 12056 | -6/Factory | First assault squad dispatched 12071 | -6/Factory | Incoming assault squad redirected 12152 | -6/Factory | Entered another Factory area 12152 | -5/Factory | Evolved 2 slots: Utility x2 12785 | -5/Factory | Discovered new exit (range 7) 12794 | -5/Factory | Identified exit to Factory 13108 | -5/Factory | Identified exit to Upper Caves 13178 | -5/Factory | Discovered exit to Factory (range 6) 13663 | -5/Factory | Destroyed 8 combat bots 13735 | -5/Factory | System corruption reached 10% 13945 | -5/Factory | Entered Upper Caves 13951 | -5/Upper Caves | Met a Warlord Commander 13952 | -5/Upper Caves | Learned location of Warlord (-5) 13954 | -5/Upper Caves | Found Encrypted Comm Array 14045 | -5/Upper Caves | Encountered a Warlord checkpoint 14247 | -5/Upper Caves | Attracted the attention of an 0b10 checkpoint 14277 | -5/Upper Caves | Learned Factory stockpile data 14431 | -5/Upper Caves | Learned location of 1 exit from Proximity Caves 14527 | -5/Upper Caves | Discovered new exit (range 15) 14561 | -5/Upper Caves | Identified exit to Upper Caves 14563 | -5/Upper Caves | Entered another Upper Caves area 14837 | -5/Upper Caves | Lost 3 parts (2n1u) 14861 | -5/Upper Caves | Spotted 3K-RVA(f) 14862 | -5/Upper Caves | Encountered a Master Thief 14862 | -5/Upper Caves | Spotted 81-7FP(f) 14862 | -5/Upper Caves | Spotted SG-DAG(f) 14863 | -5/Upper Caves | Encountered a Master Thief 14863 | -5/Upper Caves | Encountered a Master Thief 14863 | -5/Upper Caves | Spotted 5B-E0T(f) 14863 | -5/Upper Caves | XL Autogun Array stolen by Master Thief 14864 | -5/Upper Caves | Encountered a Master Thief 14865 | -5/Upper Caves | Biometal Medium Treads stolen by Master Thief 14867 | -5/Upper Caves | Nova Cannon stolen by Master Thief 14868 | -5/Upper Caves | Arm. Heavy Treads stolen by Master Thief 14870 | -5/Upper Caves | Destroyed 5B-E0T(f) 14876 | -5/Upper Caves | Discovered new exit (range 13) 14982 | -5/Upper Caves | Identified exit to Warlord 14984 | -5/Upper Caves | Entered Warlord 15038 | -5/Warlord | System corruption cleaned by Quarantine Array 15096 | -5/Warlord | Build established: Scavenger-Mutant 15736 | -5/Warlord | Visited the Vortex Lab 15737 | -5/Warlord | Warlord's base attacked by MAIN.C 15748 | -5/Warlord | Found Prototype Energy Gun 15748 | -5/Warlord | Identified Vortex Shotgun 15752 | -5/Warlord | Found Vortex Shotgun 15758 | -5/Warlord | Found Prototype Energy Cannon 15758 | -5/Warlord | Identified Vortex Driver 15762 | -5/Warlord | Found Vortex Driver 15766 | -5/Warlord | Found Prototype Piercing Weapon 15766 | -5/Warlord | Identified Vortex Lance 15769 | -5/Warlord | Found Vortex Lance 15941 | -5/Warlord | Met Warlord 15962 | -5/Warlord | Opened Warlord's prototype stash 15987 | -5/Warlord | Found Prototype Device 15987 | -5/Warlord | Identified Exp. Focal Shield 15992 | -5/Warlord | Found Prototype Processor 15992 | -5/Warlord | Identified Spectral Analyzer 16049 | -5/Warlord | Found Prototype Reactor 16087 | -5/Warlord | Warlord forces counterattacked 16141 | -5/Warlord | Spotted Executioner 16157 | -5/Warlord | Destroyed Executioner 16158 | -5/Warlord | Spotted Striker 16159 | -5/Warlord | Destroyed Striker 16210 | -5/Warlord | Spotted Executioner 16213 | -5/Warlord | Destroyed Executioner 16238 | -5/Warlord | Spotted Striker 16246 | -5/Warlord | Destroyed 7 combat bots 16267 | -5/Warlord | Spotted Executioner 16273 | -5/Warlord | Found Prototype Ballistic Cannon 16273 | -5/Warlord | Identified Hvy. Autocannon 16317 | -5/Warlord | Spotted Executioner 16337 | -5/Warlord | Spotted B-86 Titan 16337 | -5/Warlord | Spotted Executioner 16337 | -5/Warlord | Spotted Striker 16342 | -5/Warlord | Spotted Executioner 16376 | -5/Warlord | Destroyed Striker 16377 | -5/Warlord | Core integrity fell below 50% 16390 | -5/Warlord | Destroyed Executioner 16398 | -5/Warlord | Core integrity fell below 20% 16401 | -5/Warlord | Destroyed Executioner 16404 | -5/Warlord | Destroyed by H-66 Slayer with Heavy Assault Rifle Last Messages --------------- 16397_ Slug penetrates Wall. 16397_ Penetrated by Slug. 16398_ Imp. Quantum Reactor destroyed. 16399_ Penetrated by Slug. 16400_ Mak. Ablative Armor destroyed. 16400_ Penetrated by Slug. 16400_ Mak. Ablative Armor destroyed. 16400_ Penetrated by Slug. 16401_ Executioner destroyed. 16401_ Penetrated by Slug. 16401_ Slug penetrates Earth. 16403_ Penetrated by Slug. 16403_ Dropped Huge Storage Unit. 16403_ Penetrated by Slug. 16403_ Dropped Thermoblaster. 16403_ Slug penetrates Wall. 16403_ Penetrated by Slug. 16404_ Dropped Vortex Driver. 16404_ Slug penetrates Wall. 16404_ Penetrated by Slug. Map ----- +----------------------------------------------------+ | ??????????????????????????????????? | | ??????????????????????????????????? | | ??????????????????????????????????? | | ??????????????????????????????????? | | ??????????????????????????????????? | | ??????????????????????????????????? | | ??????????????? ???????????????##?? | | ??????????????? ???????????????;#?? | | ???????????????? ?????????????# ??? | | ???????????????? ????##???????; ??? | | ????????????????? ???#;##????# ???? | | ????????????????? ####; ????;;???? | | ?????????????????? ??? ###?? | | ##???????????????? ;;; ##? ##? | | "#????????????????? ;# ? ?? | | "#?????##??????##### ;; # ??? | | "#?????# #?????# ; ; ; #?? | | "#??????# ##????# #; ;#; ##? | | "#???##### ####?# ;; ;;; ;#? | | "#####! # # # # ;; # #? | | "%%%%;##%;# ;##;; ;; #?? | | =%[*%*% =% ""; ;] #??? | | "=|%%[]%*% ;!%;;; [!! ;#??? | | ]!%%!! =%%= !%*[% ]!%=%%! ##??? | | %%!=|[! *!* =[%!=%==!%*!/! % #??? | | [%[[!*%=%%%!* =%! i%*%%/@/!! ; #? | | [* ==!![=%*!%! * i=%!!%/[; %#??? | | !=%%%%! * " ; !/%**%] #??? | | "!%=[* "" "" ; =*h!%!!=! #?? | | "*%!%%#"########## *[!!%%!==% ; ? | | "########????????# !%%!! hhBB* ;## | | "#???????????????#;; &=[%%[ BB ;#? | | "#??????????????# # =% h=% ;#? | | "#?????????????# ## ;#%;%=%[ #? | | "#????????????# ## # #&= # ? | | "????????????# #?; #### ##?# | | ?????????????##? ; "#??### ##??? | | ???????????????# ; "?????? ##??? | | ???????????????##; "#????#; #??? | | ???????????????#; ##??## [ "??? | | ???????????????# ##?# % [?? | | ???????????????# ## ### =% ?? | | ??????????????# #?## ## ![; #? | | ????????????? ???## ## *%;##? | | ???????????? ????# ## ;##?? | | ??????????# ## ????## ##??? | | ??????????####?#??????### ##???? | | ????????????????????????######????? | | ??????????????????????????????????? | | ??????????????????????????????????? | +----------------------------------------------------+ Best States ------------- Heat Dissipation 66 Energy Generation 29 Energy Capacity 950 Matter Stores 300 Matter Capacity 300 Sight Range 24 Robot Scan Range 16 Terrain Scan Range 16 Terrain Scan Density 210 Armor Coverage 675 Resistance: KI 30 Resistance: TH 30 Resistance: EM 20 Evasion (%) 62 Targeting Accuracy 8 Recoil Reduction 6 Particle Charging 25 Offensive Hacking 14 Item Schematics ----------------- Combat Drone Bay | -7/Data Miner | Free Lgt. Regenerative Plating | -7/Data Miner | Free Cld. Cesium-ion Thruster | -7/Data Miner | Free Exp. Propulsion Shielding | -7/Data Miner | Free Antimatter Cannon | -7/Data Miner | Free Antigrav System | -7/Data Miner | Free Adv. Cooling System | -7/Data Miner | Free Tesla Rifle | -7/Data Miner | Free Arm. Leg | -7/Data Miner | Free Point Defense System | -7/Data Miner | Free HERF Cannon | -7/Data Miner | Free Robot Schematics ------------------ None Fabricated ------------ Nothing Alien Tech Used ----------------- None Achievements -------------- Sniper Challenges ------------ None Game ------ Seed MicrowarpRiotExpander Manual? 0 Play Time 02:33:24 Cumulative 338.3 hours Start 2023.03.17 @ 11:31:37 End 2023.03.17 @ 18:23:01 Sessions 3 Manual Loads 0 Difficulty Rogue Special Mode None Game No. 387 Rogue 387 Adventurer 0 Explorer 0 Win Type - Total 11 Types 8/0/2/1/0/0/0/0/0 Lore% 79 Gallery% 88 Achievement% 78 Wizard Run 0 Options --------- ASCII 0 Keyboard 0 Movement Numpad Keybinds 0 Fullscreen 1 Font 18/Terminus Map View 76x50 Tactical HUD 1 Map Filters NONE Filters NONE Steam 1 RUN: 979b33b0-aaa7-45d0-bdfe-82d75f58331d